Map: Hardwire LE

Players

DPGZest (Zest) - Winner!

  • Race: Protoss Protoss

AgoElazer (Elazer)

  • Race: Zerg Zerg

Event: TSL 8

VOD

Have the link to the VOD?

Description

Time

  • Played on: Nov. 28, 2021, 7:17 a.m.
  • Length: 12:03

All games in this series

Show
View Real Time Build Order
Export as new Build Order

DPGZest Protoss - Winner!

Build Orders: 1 Gate Expand, Oracle Opening 

Get SALT Encoding   

  12  0:00  Probe  
  13  0:12  Probe  
  14  0:19  Pylon  
  14  0:24  Probe  
  15  0:37  Probe (Chrono Boost)  
  15  0:40  Gateway  
  16  0:47  Probe (Chrono Boost)  
  16  0:49  Assimilator  
  17  0:52  Probe (Chrono Boost)  
  18  1:03  Probe  
  19  1:15  Probe  
  20  1:26  Nexus  
  20  1:36  Cybernetics Core  
  20  1:39  Probe  
  21  1:45  Assimilator  
  21  1:51  Probe  
  22  1:55  Pylon  
  22  2:03  Probe (Chrono Boost)  
  23  2:12  Adept  
  23  2:15  Probe (Chrono Boost)  
  26  2:19  Stargate  
  26  2:20  Probe (Chrono Boost)  
  27  2:26  Warp Gate  
  27  2:33  Probe (Chrono Boost)  
  28  2:38  Probe (Chrono Boost)  
  28  2:42  Adept  
  32  2:47  Probe (Chrono Boost)  
  32  2:48  Probe (Chrono Boost)  
  33  2:52  Probe (Chrono Boost)  
  33  2:55  Probe  
  35  2:59  Oracle (Chrono Boost)  
  35  3:05  Probe  
  39  3:07  Probe  
  39  3:12  Adept, Pylon  
  40  3:17  Gateway  
  40  3:19  Probe  
  43  3:21  Void Ray (Chrono Boost), Probe  
  44  3:32  Probe  
  44  3:33  Probe  
  50  3:44  Probe, Pylon  
  51  3:50  Probe  
  52  3:56  Probe  
  52  3:58  Nexus  
  53  4:06  Assimilator, Probe  
  53  4:08  Assimilator, Probe  
  55  4:18  Probe (Chrono Boost)  
  55  4:19  Stargate  
  55  4:20  Protoss Air Weapons Level 1  
  55  4:21  Probe (Chrono Boost)  
  57  4:25  Pylon  
  57  4:30  Probe (Chrono Boost)  
  58  4:33  Probe (Chrono Boost)  
  58  4:35  Adept  
  58  4:36  Adept  
  62  4:39  Probe x2 (Chrono Boost)  
  62  4:43  Void Ray  
  60  4:48  Probe x2 (Chrono Boost)  
  66  5:00  Probe (Chrono Boost)  
  66  5:05  Void Ray  
  66  5:06  Probe (Chrono Boost)  
  68  5:09  Probe (Chrono Boost)  
  68  5:12  Probe (Chrono Boost)  
  68  5:13  Probe (Chrono Boost)  
  75  5:14  Probe (Chrono Boost)  
  75  5:18  Shield Battery  
  75  5:20  Void Ray  
  76  5:21  Pylon  
  76  5:22  Probe (Chrono Boost)  
  76  5:27  Probe (Chrono Boost)  
  83  5:30  Probe (Chrono Boost)  
  83  5:33  Probe (Chrono Boost)  
  83  5:34  Assimilator, Probe (Chrono Boost)  
  85  5:36  Assimilator  
  85  5:37  Pylon  
  85  5:38  Probe (Chrono Boost)  
  85  5:39  Probe  
  85  5:40  Stargate  
  85  5:41  Probe  
  88  5:44  Fleet Beacon  
  88  5:49  Probe  
  89  5:50  Forge  
  89  5:51  Probe  
  89  5:54  Probe  
  91  6:01  Probe  
  91  6:03  Probe  
  93  6:06  Probe  
  94  6:13  Probe  
  94  6:16  Probe  
  95  6:18  Probe  
  96  6:26  Pylon  
  96  6:27  Nexus, Pylon  
  96  6:38  Pylon  
  108  6:50  Carrier (Chrono Boost)  
  108  6:51  Protoss Air Weapons Level 2 (Chrono Boost), Probe x2  
  108  6:52  Photon Cannon  
  116  6:54  Gateway  
  116  6:56  Gateway  
  116  6:57  Carrier (Chrono Boost)  
  116  6:59  Probe  
  116  7:00  Carrier (Chrono Boost)  
  117  7:02  Flux Vanes  
  117  7:03  Probe x2  
  117  7:06  Photon Cannon, Shield Battery  
  117  7:08  Photon Cannon  
  119  7:21  Probe x2  
  121  7:28  Twilight Council  
  121  7:29  Gateway, Void Ray (Chrono Boost)  
  121  7:31  Gateway  
  121  7:32  Gateway, Assimilator x2  
  121  7:35  Void Ray (Chrono Boost)  
  121  7:36  Gateway  
  125  7:40  Protoss Ground Weapons Level 1 (Chrono Boost)  
  125  7:43  Gateway  
  129  7:45  Gateway  
  129  7:47  Pylon  
  129  7:48  Void Ray (Chrono Boost)  
  129  7:50  Pylon  
  133  7:58  Pylon  
  133  8:03  Pylon  
  133  8:05  Pylon  
  133  8:06  Charge  
  133  8:09  Pylon  
  133  8:10  Void Ray (Chrono Boost)  
  133  8:11  Templar Archives  
  133  8:12  Void Ray (Chrono Boost)  
  141  8:25  Pylon  
  141  8:28  Pylon  
  127  8:48  High Templar x3  
  127  8:49  Sentry, High Templar  
  127  8:53  Archon  
  127  8:54  Archon  
  137  8:57  Probe x3  
  138  9:07  Zealot x5  
  148  9:13  Photon Cannon  
  148  9:15  Pylon  
  148  9:18  Robotics Facility  
  148  9:22  Photon Cannon, Zealot x3, High Templar x2  
  156  9:32  Zealot x3, High Templar x2  
  156  9:35  Archon  
  156  9:36  Probe  
  156  9:37  Archon, Probe  
  168  9:46  Zealot x3  
  172  9:56  Stalker x2  
  167  10:06  Observer (Chrono Boost), High Templar  
  167  10:07  High Templar  
  166  10:12  Archon  
  166  10:14  Probe x4  
  167  10:17  Zealot x6  
  167  10:18  Warp Prism (Chrono Boost)  
  183  10:26  Probe x3  
  186  10:29  High Templar x2  
  186  10:34  Archon  
  188  10:49  Zealot x7  
  184  10:50  Zealot  
  126  11:19  Zealot x8  
  126  11:20  Zealot x2  
  106  11:41  High Templar  
  106  11:42  High Templar x5  
Show
View Real Time Build Order
Export as new Build Order

AgoElazer Zerg 

Build Orders: Hatch First 

Get SALT Encoding   

  12  0:00  Drone  
  13  0:12  Overlord  
  13  0:16  Drone  
  14  0:30  Drone x2  
  16  0:47  Hatchery  
  15  0:50  Drone  
  15  0:54  Drone  
  17  0:57  Drone  
  18  1:09  Extractor  
  17  1:14  Spawning Pool  
  17  1:18  Drone  
  17  1:21  Drone  
  18  1:28  Drone  
  19  1:38  Drone  
  20  1:49  Overlord  
  20  2:00  Queen x2  
  24  2:02  Drone, Zergling x2  
  26  2:11  Drone x2  
  26  2:13  Metabolic Boost  
  28  2:20  Drone  
  28  2:22  Drone  
  30  2:31  Drone  
  30  2:33  Drone  
  30  2:36  Queen  
  34  2:44  Drone, Overlord  
  35  2:53  Hatchery  
  35  2:58  Zergling x2  
  35  3:00  Drone  
  35  3:05  Drone  
  37  3:06  Overlord  
  37  3:08  Drone  
  37  3:09  Drone x2  
  37  3:10  Drone  
  41  3:15  Queen  
  41  3:18  Drone  
  44  3:21  Overlord  
  44  3:24  Spore Crawler  
  44  3:25  Drone  
  44  3:30  Queen  
  44  3:33  Drone  
  47  3:34  Zergling x2  
  47  3:40  Zergling x2  
  49  3:42  Zergling x4  
  49  3:45  Zergling x2  
  49  3:46  Zergling x4  
  54  3:51  Overlord  
  54  3:52  Drone x3  
  57  4:02  Drone  
  58  4:03  Drone  
  58  4:06  Drone  
  60  4:13  Drone x4  
  60  4:15  Drone x3  
  67  4:18  Overlord  
  67  4:19  Drone  
  67  4:20  Queen  
  69  4:28  Drone x3  
  72  4:36  Drone  
  72  4:37  Drone  
  72  4:38  Drone  
  72  4:44  Overlord  
  72  4:45  Roach Warren, Extractor x2  
  68  4:47  Drone x3  
  68  4:51  Drone x3  
  68  4:52  Overlord  
  72  4:55  Zergling x8, Queen  
  78  5:00  Lair  
  78  5:03  Overlord  
  78  5:08  Drone x2  
  78  5:14  Hatchery  
  79  5:18  Overlord  
  79  5:23  Drone x10  
  89  5:29  Drone x2  
  89  5:34  Evolution Chamber, Extractor  
  89  5:35  Drone, Extractor  
  90  5:36  Queen x2  
  90  5:42  Overlord  
  93  5:43  Drone x4  
  93  5:49  Drone x4, Extractor  
  100  5:51  Overlord  
  100  5:57  Overlord  
  100  6:02  Drone x2  
  100  6:03  Drone  
  100  6:05  Spore Crawler  
  100  6:07  Zerg Missile Weapons Level 1  
  100  6:08  Infestation Pit  
  100  6:09  Drone x5  
  103  6:12  Spire  
  103  6:14  Drone x3  
  104  6:19  Drone x4  
  104  6:22  Drone x4  
  112  6:26  Queen  
  112  6:28  Queen  
  116  6:35  Drone x3, Extractor  
  116  6:37  Extractor  
  117  6:43  Overlord  
  117  6:47  Drone x2  
  119  6:51  Queen x2, Baneling Nest  
  122  6:57  Hatchery  
  122  6:59  Zergling x4  
  122  7:00  Zergling x2  
  124  7:04  Hive  
  124  7:08  Overlord  
  124  7:13  Queen  
  124  7:14  Overlord x2  
  124  7:15  Overlord  
  126  7:19  Overseer  
  125  7:28  Zerg Flyer Weapons Level 1  
  125  7:31  Overseer  
  125  7:39  Mutalisk x13  
  125  7:41  Mutalisk  
  152  7:48  Overlord x2  
  152  7:52  Queen x3  
  152  7:55  Drone x2  
  152  7:56  Glial Reconstitution  
  160  7:59  Spore Crawler  
  160  8:00  Centrifugal Hooks, Spore Crawler  
  160  8:01  Zergling x18  
  160  8:04  Zerg Missile Weapons Level 2  
  167  8:09  Drone, Spine Crawler  
  167  8:10  Drone, Spine Crawler  
  167  8:11  Overlord  
  167  8:13  Spine Crawler  
  167  8:17  Overlord  
  167  8:19  Extractor  
  165  8:24  Extractor  
  165  8:27  Zergling x6  
  167  8:29  Drone x7  
  167  8:30  Spore Crawler  
  167  8:32  Spine Crawler x2  
  168  8:54  Viper x2  
  170  8:59  Corruptor x9  
  188  9:08  Spore Crawler  
  188  9:09  Spore Crawler  
  178  9:10  Spore Crawler x3  
  175  9:17  Corruptor x2  
  175  9:19  Overlord  
  179  9:25  Drone x3  
  178  9:34  Greater Spire  
  178  9:42  Baneling x20  
  178  9:43  Zergling x38  
  196  9:55  Baneling x13, Spore Crawler  
  196  9:56  Spore Crawler  
  194  10:03  Corruptor x2  
  188  10:20  Baneling x6  
  188  10:27  Evolution Chamber  
  187  10:34  Spine Crawler  
  187  10:35  Spine Crawler  
  164  10:44  Zergling x32  
  146  11:02  Roach x5  
  124  11:11  Roach x3  
  122  11:19  Roach x3  
  120  11:31  Roach x3  
  114  11:38  Roach x3  
Tags
 
Add a new tag
Caveats
  • Supply blocks, unpowered buildings, or Contaminate may cause inaccurate times.
  • Supply counts are checked every 10 seconds.